ITL
HAVANA ROLLERS @ PORTLAND PRIVATEERS
08/21/2026
 
TOP OF THE 1ST
Havana Rollers batting - Pitching for Portland Privateers : RHP Héctor Negrón
Pitching: RHP Héctor Negrón
Batting: LHB Jimmy Husted 0-0: Foul Ball, location: 2F
0-1: Called Strike
0-2: SINGLE (Flyball, 7LS)
Batting: RHB Dani Gómez 0-0: Ball
1-0: Ground out 5-3 (Groundball, 56S)
Jimmy Husted to second
Batting: LHB Enrique Cortéz 0-0: Ball
1-0: Ball
2-0: 2-RUN HOME RUN (Flyball, 8RXD), Distance : 421 ft
Batting: LHB Wilson Allen 0-0: Swinging Strike
0-1: Foul Ball, location: 2F
0-2: Foul Ball, location: 2F
0-2: Ground out U3 (Groundball, 3)
Batting: SHB Pepe Piña 0-0: Foul Ball, location: 2F
0-1: Called Strike
0-2: Foul Ball, location: 2F
0-2: Ball
1-2: Foul Ball, location: 2F
1-2: Fly out, F2 (Popup, 25F)
Top of the 1st over - 2 run(s), 2 hit(s), 0 error(s), 0 left on base; Havana 2 - Portland 0
BOTTOM OF THE 1ST
Portland Privateers batting - Pitching for Havana Rollers : RHP Suezo Morimoto
Pitching: RHP Suezo Morimoto
Batting: RHB Luis Pineda 0-0: Called Strike
0-1: Foul Ball, location: 2F
0-2: Ball
1-2: Strikes out looking
Batting: RHB Carlos Castro 0-0: Ball
1-0: SINGLE (Groundball, 34)
Batting: RHB Troy Lau 0-0: Swinging Strike
0-1: Foul Ball, location: 2F
0-2: Ball
1-2: Ground out 5-3 (Groundball, 5S)
Carlos Castro to second
Batting: SHB Patrick Larson 0-0: Called Strike
0-1: DOUBLE (Line Drive, 89M)
Carlos Castro scores
Batting: RHB Júlio Vélez 0-0: Called Strike
0-1: Ball
1-1: Foul Ball, location: 2F
1-2: Foul Ball, location: 2F
1-2: Ground out 6-3 (Groundball, 6)
Bottom of the 1st over - 1 run(s), 2 hit(s), 0 error(s), 1 left on base; Havana 2 - Portland 1
TOP OF THE 2ND
Havana Rollers batting - Pitching for Portland Privateers : RHP Héctor Negrón
Batting: RHB Salvador Borbón 0-0: Ball
1-0: Ball
2-0: Called Strike
2-1: Foul Ball, location: 2F
2-2: Foul Ball, location: 2F
2-2: Ground out 4-3 (Groundball, 4M)
Batting: RHB Jack Bailey 0-0: Fly out, F2 (Popup, 2LF)
Batting: RHB Francisco Rincón 0-0: Ball
1-0: Fly out, F9 (Flyball, 89M)
Top of the 2nd over - 0 run(s), 0 hit(s), 0 error(s), 0 left on base; Havana 2 - Portland 1
BOTTOM OF THE 2ND
Portland Privateers batting - Pitching for Havana Rollers : RHP Suezo Morimoto
Batting: LHB Juan Acotia 0-0: Foul Ball, location: 2F
0-1: Ball
1-1: Ball
2-1: Ball
3-1: Ground out 4-3 (Groundball, 34)
Batting: RHB Jorge Cora 0-0: Called Strike
0-1: Swinging Strike
0-2: Ball
1-2: SINGLE (Groundball, 6MD)
Batting: LHB Dillon Beck 0-0: Ball
1-0: Fly out, F8 (Flyball, 8LM)
Batting: LHB Jeff Dorney 0-0: Called Strike
0-1: Ground out 6-3 (Groundball, 6)
Bottom of the 2nd over - 0 run(s), 1 hit(s), 0 error(s), 1 left on base; Havana 2 - Portland 1
TOP OF THE 3RD
Havana Rollers batting - Pitching for Portland Privateers : RHP Héctor Negrón
Batting: LHB Gyu-sik Yi 0-0: Called Strike
0-1: DOUBLE (Flyball, 78D)
Batting: LHB Jimmy Husted 0-0: Ball
1-0: SINGLE (Groundball, 34S)
Gyu-sik Yi to third
Runner from 3rd tries for Home, SAFE, throw made home
Jimmy Husted to second
Batting: RHB Dani Gómez 0-0: Ball
1-0: Called Strike
1-1: Ball
2-1: Foul Ball, location: 2F
2-2: Strikes out looking
Batting: LHB Enrique Cortéz 0-0: Called Strike
Jimmy Husted is caught stealing 3rd base
0-1: Called Strike
0-2: Ball
1-2: Foul Ball, location: 2F
1-2: SINGLE (Line Drive, 6D)
Batting: LHB Wilson Allen 0-0: Ball
1-0: Called Strike
1-1: Ball
2-1: Fly out, F8 (Flyball, 8RM)
Top of the 3rd over - 1 run(s), 3 hit(s), 0 error(s), 1 left on base; Havana 3 - Portland 1
BOTTOM OF THE 3RD
Portland Privateers batting - Pitching for Havana Rollers : RHP Suezo Morimoto
Batting: RHB Luis Pineda 0-0: Foul Ball, location: 2F
0-1: Ball
1-1: Fly out, F2 (Popup, 25F)
Batting: RHB Carlos Castro 0-0: Ball
1-0: Foul Ball, location: 2F
1-1: Fly out, F8 (Flyball, 8LD)
Batting: RHB Troy Lau 0-0: Ball
1-0: Ball
2-0: Swinging Strike
2-1: Swinging Strike
2-2: Strikes out looking
Bottom of the 3rd over - 0 run(s), 0 hit(s), 0 error(s), 0 left on base; Havana 3 - Portland 1
TOP OF THE 4TH
Havana Rollers batting - Pitching for Portland Privateers : RHP Héctor Negrón
Batting: SHB Pepe Piña 0-0: Called Strike
0-1: Ball
1-1: Foul Ball, location: 2F
1-2: Foul Ball, location: 2F
1-2: Ball
2-2: Fly out, F1 (Line Drive, 13)
Batting: RHB Salvador Borbón 0-0: Called Strike
0-1: Ball
1-1: Ball
2-1: Ball
3-1: SOLO HOME RUN (Flyball, 78XD), Distance : 396 ft
Batting: RHB Jack Bailey 0-0: Ball
1-0: Foul Ball, location: 2F
1-1: Ball
2-1: Foul Ball, location: 2F
2-2: Foul Ball, location: 2F
2-2: SINGLE (Groundball, 56D)
Batting: RHB Francisco Rincón 0-0: Called Strike
0-1: Ball
1-1: Ball
2-1: Foul Ball, location: 2F
2-2: SINGLE (Groundball, 56D) (infield hit)
Jack Bailey to second
Batting: LHB Gyu-sik Yi 0-0: Fly out, F8 (Flyball, 8RM)
Pitching: RHP Tom Clement
Batting: LHB Jimmy Husted 0-0: Ball
1-0: Swinging Strike
1-1: Foul Ball, location: 2F
1-2: Ball
2-2: Ground out 5-3 (Groundball, 56)
Top of the 4th over - 1 run(s), 3 hit(s), 0 error(s), 2 left on base; Havana 4 - Portland 1
BOTTOM OF THE 4TH
Portland Privateers batting - Pitching for Havana Rollers : RHP Suezo Morimoto
Batting: SHB Patrick Larson 0-0: Called Strike
0-1: Foul Ball, location: 2F
0-2: Strikes out looking
Batting: RHB Júlio Vélez 0-0: Swinging Strike
0-1: Ball
1-1: Ball
2-1: Ground out 6-3 (Groundball, 6)
Batting: LHB Juan Acotia 0-0: Fly out, F6 (Line Drive, 6)
Bottom of the 4th over - 0 run(s), 0 hit(s), 0 error(s), 0 left on base; Havana 4 - Portland 1
TOP OF THE 5TH
Havana Rollers batting - Pitching for Portland Privateers : RHP Tom Clement
Batting: RHB Dani Gómez 0-0: Ball
1-0: Ball
2-0: Foul Ball, location: 2F
2-1: Swinging Strike
2-2: Ball
3-2: Foul Ball, location: 2F
3-2: Base on Balls
Batting: LHB Enrique Cortéz 0-0: Called Strike
Dani Gómez steals 2nd base
0-1: Ball
1-1: Ground out 6-3 (Groundball, 6M)
Dani Gómez to third
Batting: LHB Wilson Allen 0-0: Swinging Strike
0-1: Foul Ball, location: 2F
0-2: Strikes out looking
Batting: SHB Pepe Piña 0-0: Ball
1-0: Fly out, F9 (Line Drive, 9LM)
Top of the 5th over - 0 run(s), 0 hit(s), 0 error(s), 1 left on base; Havana 4 - Portland 1
BOTTOM OF THE 5TH
Portland Privateers batting - Pitching for Havana Rollers : RHP Suezo Morimoto
Batting: RHB Jorge Cora 0-0: SINGLE (Groundball, 56D)
Batting: LHB Dillon Beck 0-0: Called Strike
Jorge Cora steals 2nd base
0-1: Ball
1-1: Foul Ball, location: 2F
1-2: Strikes out swinging
Batting: LHB Jeff Dorney 0-0: Ball
1-0: Ball
Jorge Cora is caught stealing 3rd base
2-0: Ball
3-0: Base on Balls
Batting: RHB Luis Pineda 0-0: Foul Ball, location: 2F
0-1: Foul Ball, location: 2F
0-2: Ball
1-2: Fly out, F9 (Flyball, 89M)
Bottom of the 5th over - 0 run(s), 1 hit(s), 0 error(s), 1 left on base; Havana 4 - Portland 1
TOP OF THE 6TH
Havana Rollers batting - Pitching for Portland Privateers : RHP Tom Clement
Batting: RHB Salvador Borbón 0-0: Ball
1-0: Called Strike
1-1: Ball
2-1: Ball
3-1: Base on Balls
Batting: RHB Jack Bailey 0-0: Ball
1-0: Fly out, F9 (Flyball, 9M)
Batting: RHB Francisco Rincón 0-0: Swinging Strike
0-1: Ball
1-1: Swinging Strike
1-2: Foul Ball, location: 2F
1-2: Ball
2-2: Fielders Choice at 2nd, 3-6 (Groundball, 3)
Batting: LHB Gyu-sik Yi 0-0: Fly out, F4 (Popup, 4MD)
Top of the 6th over - 0 run(s), 0 hit(s), 0 error(s), 1 left on base; Havana 4 - Portland 1
BOTTOM OF THE 6TH
Portland Privateers batting - Pitching for Havana Rollers : RHP Suezo Morimoto
Batting: RHB Carlos Castro 0-0: Ball
1-0: Ground out 4-3 (Groundball, 34S)
Batting: RHB Troy Lau 0-0: Foul Ball, location: 2F
0-1: Fly out, F9 (Flyball, 9M)
Batting: SHB Patrick Larson 0-0: Called Strike
0-1: Swinging Strike
0-2: Ball
1-2: Ball
2-2: Ground out 5-3 (Groundball, 5S)
Bottom of the 6th over - 0 run(s), 0 hit(s), 0 error(s), 0 left on base; Havana 4 - Portland 1
TOP OF THE 7TH
Havana Rollers batting - Pitching for Portland Privateers : RHP Tom Clement
Pitching: RHP Mario Ramos
Batting: LHB Jimmy Husted 0-0: Fly out, F8 (Flyball, 8RXD)
Batting: RHB Dani Gómez 0-0: Ball
1-0: Ball
2-0: Ball
3-0: Called Strike
3-1: Base on Balls
Batting: LHB Enrique Cortéz 0-0: Ball
1-0: Fly out, F7 (Flyball, 7S)
Batting: LHB Wilson Allen 0-0: Called Strike
Dani Gómez steals 2nd base
0-1: Swinging Strike
0-2: SINGLE (Groundball, 34S)
Dani Gómez to third
Runner from 3rd tries for Home, SAFE, no throw or cutoff
Batting: SHB Pepe Piña 0-0: SINGLE (Groundball, 5D)
Wilson Allen to second
Batting: RHB Salvador Borbón 0-0: Called Strike
0-1: Called Strike
0-2: Strikes out swinging
Top of the 7th over - 1 run(s), 2 hit(s), 0 error(s), 2 left on base; Havana 5 - Portland 1
BOTTOM OF THE 7TH
Portland Privateers batting - Pitching for Havana Rollers : RHP Suezo Morimoto
Batting: RHB Júlio Vélez 0-0: Ball
1-0: Called Strike
1-1: Foul Ball, location: 2F
1-2: Foul Ball, location: 2F
1-2: Foul Ball, location: 2F
1-2: Foul Ball, location: 2F
1-2: Ball
2-2: Ground out 4-3 (Groundball, 4)
Batting: LHB Juan Acotia 0-0: Ball
1-0: Called Strike
1-1: Ball
2-1: Ground out U3 (Groundball, 3L)
Batting: RHB Jorge Cora 0-0: Ball
1-0: Called Strike
1-1: Called Strike
1-2: Ball
2-2: Foul Ball, location: 2F
2-2: Ball
3-2: Foul Ball, location: 2F
3-2: Strikes out swinging
Bottom of the 7th over - 0 run(s), 0 hit(s), 0 error(s), 0 left on base; Havana 5 - Portland 1
TOP OF THE 8TH
Havana Rollers batting - Pitching for Portland Privateers : RHP Mario Ramos
Batting: RHB Jack Bailey 0-0: Called Strike
0-1: Fly out, F8 (Flyball, 8RM)
Batting: RHB Francisco Rincón 0-0: Ball
1-0: Ball
2-0: Ball
3-0: Base on Balls
Batting: LHB Gyu-sik Yi 0-0: Ball
1-0: Called Strike
1-1: Ball
2-1: Ball
3-1: Foul Ball, location: 2F
3-2: Fielders Choice at 2nd, 1-4 (Groundball, 13)
Batting: LHB Jimmy Husted 0-0: Ball
1-0: Ball
2-0: Ball
3-0: Base on Balls
Gyu-sik Yi to second
Pitching: RHP Terry Fields
Batting: RHB Dani Gómez 0-0: Called Strike
0-1: Foul Ball, location: 2F
0-2: Foul Ball, location: 2F
0-2: Ball
1-2: Strikes out looking
Top of the 8th over - 0 run(s), 0 hit(s), 0 error(s), 2 left on base; Havana 5 - Portland 1
BOTTOM OF THE 8TH
Portland Privateers batting - Pitching for Havana Rollers : RHP Suezo Morimoto
Batting: LHB Dillon Beck 0-0: Ball
1-0: Called Strike
1-1: Fly out, F6 (Popup, 6D)
Batting: LHB Jeff Dorney 0-0: Ball
1-0: Ball
2-0: Foul Ball, location: 2F
2-1: SINGLE (Line Drive, 4MD)
Batting: RHB Luis Pineda 0-0: Foul Ball, location: 2F
0-1: Ball
1-1: Ball
2-1: Foul Ball, location: 2F
2-2: Foul Ball, location: 2F
2-2: Foul Ball, location: 2F
2-2: Foul Ball, location: 2F
2-2: Grounds into double play, 6-4-3 (Groundball, 6)
Bottom of the 8th over - 0 run(s), 1 hit(s), 0 error(s), 0 left on base; Havana 5 - Portland 1
TOP OF THE 9TH
Havana Rollers batting - Pitching for Portland Privateers : RHP Terry Fields
Batting: LHB Enrique Cortéz 0-0: Ball
1-0: Ball
2-0: SOLO HOME RUN (Flyball, 89XD), Distance : 395 ft
Batting: LHB Wilson Allen 0-0: Fly out, F5 (Line Drive, 5)
Batting: SHB Pepe Piña 0-0: Foul Ball, location: 2F
0-1: Ball
1-1: Ball
2-1: Foul Ball, location: 2F
2-2: Strikes out swinging
Batting: RHB Salvador Borbón 0-0: Foul Ball, location: 2F
0-1: Foul Ball, location: 2F
0-2: Ball
1-2: Fly out, F9 (Flyball, 89M)
Top of the 9th over - 1 run(s), 1 hit(s), 0 error(s), 0 left on base; Havana 6 - Portland 1
BOTTOM OF THE 9TH
Portland Privateers batting - Pitching for Havana Rollers : RHP Suezo Morimoto
Pitching: RHP Charlie Alexander
Now at 1B: Zhi-huan Loong
Now in LF: Paul Bailey
Batting: RHB Carlos Castro 0-0: Foul Ball, location: 2F
0-1: Swinging Strike
0-2: Strikes out swinging
Batting: RHB Troy Lau 0-0: Called Strike
0-1: Ball
1-1: Ball
2-1: Swinging Strike
2-2: Ball
3-2: Foul Ball, location: 2F
3-2: Base on Balls
Batting: SHB Patrick Larson 0-0: Fly out, F9 (Flyball, 9LM)
Batting: RHB Júlio Vélez 0-0: Ball
1-0: Ball
2-0: Called Strike
2-1: Ball
3-1: Base on Balls
Troy Lau to second
Batting: LHB Juan Acotia 0-0: SINGLE (Groundball, 6MD)
Troy Lau to third
Júlio Vélez to second
Runner from 3rd tries for Home, SAFE, throw made home
Júlio Vélez to third
Juan Acotia to second
Pitching: RHP Augusto Muñíz
Batting: RHB Jorge Cora 0-0: Foul Ball, location: 2F
0-1: Ball
1-1: Foul Ball, location: 2F
1-2: Ball
2-2: Strikes out looking
Bottom of the 9th over - 1 run(s), 1 hit(s), 0 error(s), 2 left on base; Havana 6 - Portland 2
Monday, December 5th, 2016 - OOTP Baseball 17.12 Build 75